 Dungeon Crawl Stone Soup version 0.27-a0-1202-ge72e49191c (webtiles) character file.

Game seed: 3342793274024069772

173 Froggeryz the Firebug (level 5, 0/28 HPs)
             Began as a Tengu Fire Elementalist on June 3, 2021.
             Succumbed to a scorpion's poison
             ... on level 4 of the Dungeon.
             The game lasted 00:03:06 (2435 turns).

Froggeryz the Firebug (Tengu Fire Elementalist)     Turns: 2435, Time: 00:03:06

Health: 0/28       AC:  2    Str:  8    XL:     5   Next: 53%
Magic:  0/9        EV: 14    Int: 16    God:
Gold:   126        SH:  0    Dex: 15    Spells: 7/8 levels left

rFire    . . .     SeeInvis .   g - +0 dagger (elec)
rCold    . . .     Faith    .   (no shield)
rNeg     . . .     Spirit   .   a - +0 robe
rPois    .         Reflect  .   j - +0 hat
rElec    .         Harm     .   (no cloak)
rCorr    .         Rampage  .   (no gloves)
Will     .....                  (boots unavailable)
Stlth    ++........             (no amulet)
HPRegen  0.09/turn              (no ring)
MPRegen  0.11/turn              (no ring)

@: lethally poisoned (0 -> -3), about to teleport, flying quickly and evasively,
quick
A: beak, talons 3, nimble flight
a: no special abilities


You were on level 4 of the Dungeon.
You visited 1 branch of the dungeon, and saw 5 of its levels.

You collected 126 gold pieces.

Inventory:

Hand Weapons
 g - a +0 dagger of electrocution (weapon)
Armour
 a - a +0 robe (worn)
 j - a +0 hat (worn)
Scrolls
 b - 2 scrolls of teleportation
 c - a scroll of vulnerability {unknown}
 e - a scroll of enchant armour {unknown}
 f - a scroll of brand weapon
 h - a scroll of amnesia {unknown}
 i - 2 scrolls of immolation {unknown}
 k - a scroll of noise {unknown}
 l - a scroll of identify {unknown}
 m - a scroll of summoning {unknown}


   Skills:
 - Level 2.1 Dodging
 - Level 2.0 Stealth
 - Level 2.0 Spellcasting
 + Level 4.0 Conjurations
 * Level 5.7 Fire Magic


You had 7 spell levels left.
You knew the following spells:

 Your Spells              Type           Power      Damage    Failure   Level
a - Foxfire               Conj/Fire      68%        2x1d7     2%          1

Your spell library contained the following spells:

 Spells                   Type           Power      Damage    Failure   Level
 Conjure Flame            Conj/Fire      17%        6-21      9%          3
 Inner Flame              Hex/Fire       10%        N/A       19%         3
 Sticky Flame             Conj/Fire      17%        2d4       28%         4
 Fireball                 Conj/Fire      8%         3d6       61%         5


Dungeon Overview and Level Annotations

Branches:
Dungeon (5/15)
 Temple: D:4-7

Altars:

Annotations:
D:5 Edmund


Innate Abilities, Weirdness & Mutations

You have a beak for a mouth.
You have claws for feet.
Your magical nature lets you fly swiftly and evasively.


Message History

The scorpion is moderately wounded.
The foxfire hits the scorpion.
The scorpion is severely wounded.
The scorpion stings you.
You are poisoned.
The scorpion poisons you!
Casting: Foxfire (safe; 3% risk of failure)
Confirm with . or Enter, or press ? or * to list all spells.
You conjure some foxfire!
You feel very sick. The scorpion barely misses you.
As you read the scroll labelled HECRISM EGIU, it crumbles to dust.
It is a scroll of brand weapon.
Your +0 dagger crackles with electricity.
g - a +0 dagger of electrocution (weapon)
You feel sick.
The foxfire hits the scorpion.
The scorpion is almost dead.
The foxfire hits the scorpion but does no damage.
The scorpion is almost dead.
The scorpion stings you.
* * * LOW HITPOINT WARNING * * *
You hit the scorpion but do no damage. Lightning courses through the scorpion!
You kill the scorpion!
* * * LOW HITPOINT WARNING * * *
You feel sick.
Your magical contamination has completely faded away.
Your Conjurations skill increases to level 4!
You have reached level 5!
Your magical nature develops, letting you fly swiftly and evasively.
You aren't carrying any potions.
As you read the scroll labelled COUGOE ISOF, it crumbles to dust.
You feel strangely unstable.
It was a scroll of teleportation.
* * * LOW HITPOINT WARNING * * *
You feel sick.
* * * LOW HITPOINT WARNING * * *
You feel sick.
You reach down and open the door.
* * * LOW HITPOINT WARNING * * *
You feel sick.
You die...

...
..##########
#...........
#..:........
#...........
#...........
#...........
#####@#
#.....#
#.....#
#.....#
#.....#
#######


There were no monsters in sight!

Vanquished Creatures
  A scorpion (D:4)
  An orc wizard (D:3)
  A hound skeleton (D:3)
  An adder (D:2)
  3 dart slugs
  7 orcs
  A bat (D:1)
  4 endoplasms
  2 giant cockroaches (D:1)
  7 goblins
  4 hobgoblins
  A quokka (D:1)
  4 ball pythons
  5 frilled lizards
  4 kobolds
  5 rats
51 creatures vanquished.

Vanquished Creatures (others)
  199 foxfires
  2 withered plants (D:1)
201 creatures vanquished.

Grand Total: 252 creatures vanquished

Notes
Turn   | Place    | Note
-------+----------+-------------------------------------------
     0 | D:1      | Froggeryz the Tengu Fire Elementalist began the quest for
                  | the Orb.
     0 | D:1      | Reached XP level 1. HP: 10/10 MP: 4/4
   365 | D:1      | Reached XP level 2. HP: 8/15 MP: 0/6
   597 | D:1      | Found a faded altar of an unknown god.
   670 | D:1      | Reached skill level 4 in Fire Magic
   971 | D:1      | Reached XP level 3. HP: 19/19 MP: 1/7
  1935 | D:3      | Reached XP level 4. HP: 24/24 MP: 3/8
  1938 | D:3      | Reached skill level 5 in Fire Magic
  2405 | D:3      | You fall into a shaft and drop 2 floors!
  2405 | D:5      | Entered Level 5 of the Dungeon
  2405 | D:5      | Noticed Edmund
  2405 | D:5      | Noticed an ogre
  2406 | D:5      | Noticed a scorpion
  2431 | D:4      | Killed a scorpion
  2432 | D:4      | Gained mutation: Your magical nature lets you fly swiftly
                  | and evasively. [Tengu growth]
  2432 | D:4      | Reached XP level 5. HP: 4/28 MP: 0/9
  2434 | D:4      | HP: 1/28 [poisoned by a scorpion]
  2435 | D:4      | Succumbed to a scorpion's poison

Illustrated notes

Levels and vault maps discovered:
D:1:      dpeg_arrival_renting, layout_basic, ebering_ecumenical_altar_petrified
D:2:      layout_rooms, interstate_on_off
D:3:      layout_basic
D:4:      layout_gridville, serial_shops, nicolae_shop_behind_doors,
          shop_fountains, shop_fountains, uniq_duvessa, uniq_natasha,
          uniq_eustachio, uniq_sigmund
D:5:      layout_loops_ring, serial_shops, shop, minmay_misc_feat_five,
          uniq_edmund

Skill      XL: |  1  2  3  4 |
---------------+-------------+-----
Conjurations   | 2 4 |  4.0
Fire Magic     | 4 5 |  5.7
Dodging        | |  2.1
Stealth        | |  2.0
Spellcasting   | |  2.0

Action                   |  1- 3 |  4- 6 || total
-------------------------+-------+-------++-------
Melee: Dagger            |    11 |     3 ||    14
       Kick              |     6 |     1 ||     7
       Peck              |     1 |       ||     1
 Cast: Foxfire           |    85 |    34 ||   119
  Use: Scroll            |       |     2 ||     2
       Potion            |       |     1 ||     1
Dodge: Dodged            |    17 |     9 ||    26

Table legend: (Time is in decaauts)
 A = Elapsed time spent in this place.
 B = Non-inter-level travel time spent in this place.
 C = Inter-level travel time spent in this place.
 D = Time resting spent in this place.
 E = Time spent auto-exploring this place.
 F = Levels seen in this place.
 G = Mean time per level.
                   A        B        C        D        E       F      G
               +--------+--------+--------+--------+--------+-----+--------+
         Total |   2433 |   2391 |     42 |    123 |   1912 |   5 |  486.6 |
       Dungeon |   2433 |   2391 |     42 |    123 |   1912 |   5 |  486.6 |
               +--------+--------+--------+--------+--------+-----+--------+

Top non-repeatable levels by time:
     D:1: 1199 daAuts
     D:2: 651 daAuts
     D:3: 552 daAuts
     D:4: 16 daAuts
     D:5: 12 daAuts
